Map: Cactus Valley LE (Void)

Players

druthers - Winner!

  • Race: Protoss Protoss

AgCl

  • Race: Protoss Protoss

VOD

Have the link to the VOD?

Description

Time

  • Played on: May 3, 2015, 9:23 p.m.
  • Length: 8:15
Show
View Real Time Build Order
Export as new Build Order

druthers Protoss - Winner!

Build Orders: 1 Gate Expand 

Get SALT Encoding   

  12  0:01  Probe  
  13  0:13  Pylon  
  13  0:17  Probe  
  14  0:31  Probe  
  15  0:39  Gateway  
  15  0:43  Probe (Chrono Boost)  
  16  0:53  Probe (Chrono Boost)  
  17  1:00  Probe  
  18  1:14  Nexus  
  18  1:18  Probe  
  19  1:21  Assimilator  
  19  1:27  Assimilator  
  19  1:31  Probe  
  20  1:36  Pylon  
  20  1:46  Cybernetics Core  
  20  1:49  Probe (Chrono Boost)  
  22  2:01  Probe (Chrono Boost)  
  22  2:10  Probe, Pylon  
  23  2:22  Probe  
  24  2:27  Warp Gate  
  24  2:29  Stalker  
  26  2:36  Probe (Chrono Boost)  
  29  2:37  Mothership Core (Chrono Boost)  
  29  2:41  Gateway  
  29  2:56  Probe x2  
  31  2:59  Adept  
  32  3:08  Probe (Chrono Boost)  
  32  3:09  Pylon  
  32  3:11  Probe (Chrono Boost)  
  35  3:20  Probe (Chrono Boost)  
  35  3:22  Probe (Chrono Boost)  
  36  3:27  Robotics Facility  
  36  3:29  Probe (Chrono Boost)  
  37  3:34  Probe  
  37  3:40  Probe (Chrono Boost)  
  39  3:46  Forge  
  39  3:47  Probe (Chrono Boost)  
  40  3:52  Probe (Chrono Boost)  
  41  3:57  Probe (Chrono Boost)  
  41  3:59  Assimilator  
  41  4:00  Probe (Chrono Boost)  
  41  4:02  Gateway, Assimilator  
  43  4:03  Probe  
  44  4:13  Probe  
  44  4:15  Probe  
  46  4:20  Robotics Bay  
  46  4:28  Photon Cannon  
  44  4:35  Probe x2  
  44  4:37  Warp Prism (Chrono Boost)  
  48  4:44  Photon Cannon  
  48  4:47  Probe  
  48  4:49  Photon Cannon  
  48  4:50  Probe  
  50  4:52  Pylon  
  50  4:57  Pylon  
  50  4:59  Protoss Ground Weapons Level 1 (Chrono Boost)  
  50  5:00  Probe  
  50  5:03  Probe  
  52  5:11  Observer (Chrono Boost)  
  52  5:12  Stalker x2, Probe  
  58  5:15  Probe  
  56  5:24  Probe  
  56  5:27  Probe  
  58  5:34  Gravitic Drive (Chrono Boost)  
  62  5:36  Probe, Disruptor (Chrono Boost)  
  62  5:39  Probe  
  62  5:40  Pylon  
  64  5:44  Pylon  
  64  5:48  Probe  
  65  5:51  Probe  
  65  5:52  Twilight Council  
  65  5:57  Gateway  
  66  6:00  Probe, Pylon  
  67  6:08  Disruptor  
  67  6:17  Probe x2  
  69  6:20  Stalker  
  69  6:21  Stalker x2  
  79  6:29  Probe x2  
  79  6:32  Disruptor (Chrono Boost)  
  81  6:57  Probe x2  
  77  7:09  Probe x2  
  77  7:12  Gateway  
  77  7:13  Gateway  
  77  7:15  Gateway  
  79  7:16  Nexus  
  79  7:17  Templar Archives  
  79  7:20  Assimilator  
  79  7:24  Assimilator  
  79  7:26  Disruptor, Pylon  
  79  7:35  Probe  
  79  7:36  Probe  
  81  7:49  Probe  
  81  7:50  Probe  
  83  7:55  Photon Cannon  
  83  7:58  Photon Cannon  
  83  8:11  Photon Cannon  
  83  8:12  Photon Cannon  
Show
View Real Time Build Order
Export as new Build Order

AgCl Protoss 

Build Orders:  

Get SALT Encoding   

  12  0:29  Pylon  
  12  0:51  Probe  
  12  0:55  Gateway  
  13  1:03  Probe (Chrono Boost)  
  14  1:06  Assimilator  
  14  1:13  Probe (Chrono Boost)  
  15  1:20  Probe  
  15  1:24  Pylon  
  16  1:32  Probe (Chrono Boost)  
  17  1:43  Probe (Chrono Boost)  
  17  1:44  Zealot (Chrono Boost)  
  20  1:48  Cybernetics Core  
  20  1:49  Probe (Chrono Boost)  
  22  2:01  Probe  
  22  2:13  Probe  
  23  2:17  Zealot  
  23  2:22  Assimilator  
  27  2:30  Mothership Core (Chrono Boost)  
  27  2:32  Warp Gate (Chrono Boost)  
  27  2:44  Probe (Chrono Boost)  
  28  2:51  Pylon  
  26  3:03  Probe  
  27  3:11  Stargate  
  27  3:15  Probe (Chrono Boost)  
  28  3:26  Nexus  
  28  3:27  Probe (Chrono Boost)  
  28  3:30  Stalker  
  31  3:36  Probe (Chrono Boost)  
  32  3:42  Gateway  
  32  3:52  Gateway  
  32  4:11  Oracle (Chrono Boost)  
  33  4:30  Mothership Core  
  33  4:52  Nexus  
  33  4:57  Probe (Chrono Boost)  
  33  4:58  Pylon  
  35  5:05  Probe (Chrono Boost), Pylon  
  35  5:06  Probe (Chrono Boost)  
  36  5:11  Probe (Chrono Boost)  
  37  5:25  Probe (Chrono Boost)  
  37  5:28  Probe (Chrono Boost), Phoenix (Chrono Boost)  
  41  5:34  Probe (Chrono Boost)  
  42  5:37  Probe  
  43  5:45  Probe  
  43  5:46  Phoenix  
  43  5:49  Probe  
  47  5:50  Twilight Council  
  48  5:57  Probe  
  48  6:01  Probe  
  49  6:07  Robotics Facility  
  49  6:09  Probe  
  49  6:10  Phoenix  
  52  6:15  Probe (Chrono Boost)  
  53  6:24  Probe (Chrono Boost), Assimilator  
  56  6:27  Probe x2 (Chrono Boost)  
  56  6:28  Assimilator  
  57  6:33  Dark Shrine, Forge  
  57  6:34  Probe (Chrono Boost)  
  57  6:36  Probe (Chrono Boost)  
  51  7:00  Probe (Chrono Boost)  
  52  7:02  Assimilator  
  52  7:05  Probe (Chrono Boost)  
  52  7:07  Photon Cannon  
  52  7:08  Assimilator  
  54  7:10  Probe (Chrono Boost)  
  54  7:14  Probe x2 (Chrono Boost)  
  56  7:17  Probe (Chrono Boost)  
  56  7:21  Probe, Pylon  
  56  7:22  Probe  
  59  7:29  Probe  
  57  7:47  Zealot x3  
  57  7:51  Probe (Chrono Boost)  
  66  7:56  Probe x2 (Chrono Boost)  
  64  8:00  Probe (Chrono Boost)  
  63  8:10  Dark Templar x3  
Tags
 
Add a new tag
Caveats
  • Supply blocks, unpowered buildings, or Contaminate may cause inaccurate times.
  • Supply counts are checked every 10 seconds.